 Dungeon Crawl Stone Soup version 0.31-a0-925-g0a390f2509 (webtiles) character file.

Game seed: 8050301291251508756

45562 pokeman the Eclecticist (level 14, -5/80 HPs)
             Began as a Deep Elf Hedge Wizard on Oct 18, 2023.
             Was a High Priest of Vehumet.
             Killed from afar by a fire giant (48 damage)
             ... with a fireball
             ... on level 15 of the Dungeon.
             The game lasted 00:57:04 (18696 turns).

pokeman the Eclecticist (Deep Elf Hedge Wizard)    Turns: 18696, Time: 00:57:04

Health: -5/80      AC:  8    Str:  7    XL:     14   Next: 1%
Magic:  44/48      EV: 28    Int: 31    God:    Vehumet [*****.]
Gold:   171        SH:  0    Dex: 14    Spells: 14/52 levels left

rFire   x . .        l - +2 short sword (venom)
rCold   + . .        (no shield)
rNeg    + + +        p - +2 robe "Nautel" {+Inv rF- rN+++ Archmagi}
rPois   .            c - +0 hat
rElec   .            x - +0 cloak
rCorr   .            y - +0 pair of gloves
SInv    .            N - +0 pair of boots
Will    +....        O - amulet "Celuniseff" {Acrobat rC+}
Stlth   ++           Y - ring of magical power
HPRegen 0.33/turn    o - +6 ring of intelligence
MPRegen 0.31/turn

%: acrobat, archmagi
@: acrobatic
A: no striking features
a: Renounce Religion, Evoke Invisibility


You were on level 15 of the Dungeon.
You worshipped Vehumet.
Vehumet was extremely pleased with you.
You visited 2 branches of the dungeon, and saw 16 of its levels.
You visited 1 bazaar.
You also visited: Sewer.

You collected 870 gold pieces.
You spent 699 gold pieces at shops.

Inventory:

Hand Weapons
 l - a +2 short sword of venom (weapon)
Missiles
 h - 2 curare-tipped darts
 C - 5 throwing nets
Armour
 c - a +0 hat (worn)
 m - the +3 ring mail "Madwai" {+Inv rF+ Dex-4}
   (You found it on level 12 of the Dungeon)

   Dex-4:     It affects your dexterity (-4).
   rF+:       It protects you from fire.
   +Inv:      It lets you turn invisible.
 p - the +2 robe "Nautel" (worn) {+Inv rF- rN+++ Archmagi}
   (You found it on level 2 of the Dungeon)

   rF-:       It makes you vulnerable to fire.
   rN+++:     It renders you almost immune to negative energy.
   +Inv:      It lets you turn invisible.
   Archmagi:  It increases the power of your magical spells.
 x - a +0 cloak (worn)
 y - a +0 pair of gloves (worn)
 L - a +2 robe of cold resistance
 N - a +0 pair of boots (worn)
Magical Staves
 n - a staff of death
 Z - a staff of cold
Jewellery
 f - a ring of fire
 o - a +6 ring of intelligence (right hand)
 t - a ring of flight
 E - a +5 ring of evasion
 O - the amulet "Celuniseff" (around neck) {Acrobat rC+}
   (You took it off a centaur on level 8 of the Dungeon)

   [amulet of the acrobat]

   Acrobat:   It increases your evasion while moving and waiting.
   rC+:       It protects you from cold.
 U - a ring of fire
 Y - a ring of magical power (left hand)
Wands
 s - a wand of charming (4)
 B - a wand of digging (9)
 H - a wand of polymorph (12)
 S - a wand of acid (3)
 V - a wand of roots (6)
Scrolls
 a - a scroll of poison
 j - 2 scrolls of immolation {unknown}
 k - 12 scrolls of teleportation
 q - 3 scrolls of blinking
 r - a scroll of amnesia
 u - a scroll of brand weapon
 v - a scroll of torment
 M - 2 scrolls of revelation
Potions
 b - 2 potions of haste
 d - 3 potions of magic
 e - 13 potions of curing
 g - 2 potions of might
 i - 10 potions of heal wounds
 w - 2 potions of enlightenment
 J - a potion of berserk rage {unknown}
 P - 5 potions of attraction {unknown}
Miscellaneous
 z - a phial of floods


   Skills:
 - Level 6.1 Fighting
 + Level 6.8 Armour
 - Level 3.1 Dodging
 - Level 3.0 Stealth
 * Level 19.8 Spellcasting
 + Level 12.6 Conjurations
 - Level 1.1 Summonings
 - Level 1.0 Necromancy
 - Level 1.1 Translocations
 - Level 1.0 Transmutations
 + Level 11.3 Fire Magic
 - Level 2.1 Ice Magic
 - Level 1.0 Air Magic
 - Level 1.1 Poison Magic
 - Level 1.2 Evocations


You had 14 spell levels left.
You knew the following spells:

 Your Spells              Type           Power      Damage    Failure   Level
a - Magic Dart            Conj           100%       1d8       0%          1
b - Mephitic Cloud        Conj/Pois/Air  75%        N/A       1%          3
c - Call Imp              Summ           100%       N/A       1%          2
d - Blink                 Tloc           100%       N/A       1%          2
e - Ignite Poison         Fire/Tmut/Pois 73%        N/A       1%          3
f - Iskenderun's Mystic   Conj/Tloc      83%        2d16      1%          4
g - Swiftness             Air            54%        N/A       2%          3
h - Orb of Destruction    Conj           52%        9d13      1%          7
i - Freezing Cloud        Conj/Ice/Air   38%        6-21      1%          5
j - Ignition              Fire           50%        3d14      19%         8

Your spell library contained the following spells:

 Spells                   Type           Power      Damage    Failure   Level
 Fulminant Prism          Conj/Hex       40%        3d19      1%          4
 Slow                     Hex            100%       N/A       1%          1
 Cigotuvi's Dreadful Rot  Necr/Pois/Air  100%       N/A       1%          2
 Ensorcelled Hibernation  Hex/Ice        100%       N/A       1%          2
 Lesser Beckoning         Tloc           100%       N/A       1%          2
 Momentum Strike          Conj/Tloc      100%       3d10      1%          2
 Passwall                 Tmut/Erth      41%        N/A       1%          2
 Sublimation of Blood     Necr           54%        N/A       1%          2
 Wereblood                Tmut           53%        N/A       1%          2
 Dazzling Flash           Conj/Hex       100%       N/A       1%          3
 Inner Flame              Hex/Fire       78%        N/A       1%          3
 Sticky Flame             Conj/Fire      100%       2d11      1%          4
 Gell's Gravitas          Tloc           54%        N/A       2%          3
 Summon Guardian Golem    Hex/Summ       50%        N/A       2%          3
 Teleport Other           Tloc           54%        N/A       2%          3
 Yara's Violent Unravell  Hex/Tmut       25%        3d11      7%          5
 Spellforged Servitor     Conj/Summ      41%        N/A       16%         7
 Agony                    Necr           54%        N/A       22%         5
 Silence                  Hex/Air        25%        N/A       26%         5
 Dispersal                Tloc           27%        N/A       75%         6
 Enfeeble                 Hex            23%        N/A       100%        7
 Summon Hydra             Summ           27%        N/A       100%        7


Dungeon Overview and Level Annotations

Branches:
Dungeon (15/15)            Temple (1/1) D:4            Lair (0/5) D:11
    Orc (0/2) D:9          Vaults (0/5) D:14          Sewer (visited)
 Depths: D:15

Altars:
Ashenzari
Cheibriados
Dithmenos
Elyvilon
Fedhas
Gozag
Hepliaklqana
Kikubaaqudgha
Makhleb
Nemelex Xobeh
Okawaru
Qazlal
Ru
Sif Muna
Trog
Uskayaw
Vehumet
Wu Jian
Xom
Yredelemnul
Zin
The Shining One

Shops:
D:6 ?*!*[   D:7 *   D:12 !   D:13 *


Message History

The arrow hits you!
There is a stone staircase leading up, spattered with blood here.
Unknown command.
Unknown command.
Casting: Iskenderun's Mystic Blast (safe; 1% risk of failure)
Confirm with . or Enter, or press ? or * to list all spells.
Aiming: Mephitic Cloud (safe; 1% risk of failure)
Press: ? - help, Shift-Dir - straight line, f - centaur
Aim: a centaur, wielding a +0 shortbow (chance to affect: 81%)
You feel a surge of power!
The ball explodes into a vile cloud!
The stinking cloud engulfs the centaur but does no damage.
The centaur is engulfed in noxious fumes.
The centaur shoots an arrow.
The arrow misses you.
Unknown command.
Casting: Mephitic Cloud (safe; 1% risk of failure)
Confirm with . or Enter, or press ? or * to list all spells.
You feel a surge of power!
You ignite the poison in your surroundings!
The centaur is engulfed in blazing flames.
The centaur shoots an arrow.
The arrow barely misses you.
The centaur is engulfed in blazing flames.
Unknown command.
The centaur is engulfed in blazing flames.
You kill the centaur!
Vehumet accepts your kill.
Things that are here:
an ugly thing skeleton; an ugly thing skeleton
Things that are here:
a +0 orcbow; a centaur corpse A fire giant comes into view.
It is wielding a +2 great sword of flaming.
The fire giant gestures at you while chanting.
The fireball explodes!
The fireball engulfs you!! The fire burns you terribly!
You hear a shout!
Why would you want to do that?
Unknown command.
The fire giant is engulfed in blazing flames.
The fire giant points at you and mumbles some strange words.
The fireball explodes!
The fireball engulfs you!!! The fire burns you terribly!
Ouch! That really hurt!
You die...

#.# #.# #.# #.#
#.###.############
#.##...#.........#
##.###.##..........
#.......#...........
####.####......§....
#.#...<...≈§...#
#.#§§.@)..§§§..#
#.#.÷§....§§...#
#.#))§.........#
#☼C°...........#
#))○...........#
#..............#
##########.#####
####.######
#.........#######


You could see a fire giant.

Vanquished Creatures
  Rupert (D:15)
  Nessos (D:14)
  Azrael (D:12)
  Snorg (D:10)
  Josephine (D:10)
  A rakshasa (D:15)
  A vault guard (D:14)
  A hydra (D:15)
  A catoblepas (D:13)
  Fannar (D:10)
  An ogre mage (D:15)
  Erolcha (D:12)
  4 centaur warriors
  5 boulder beetles
  7 two-headed ogres
  A dancing weapon (D:14)
  2 tengu warriors (D:15)
  Sonja (D:11)
  Pikel (D:8)
  2 deep elf pyromancers
  6 ugly things
  6 cyclopes
  2 manticores
  A gargoyle (D:14)
  Maggie (D:7)
  4 kobold demonologists (D:11)
  A komodo dragon (D:11)
  2 efreet
  A tengu conjurer (D:15)
  5 trolls
  A hornet (D:9)
  4 slime creatures (D:13)
  2 vampires
  Sigmund (D:3)
  A centaur simulacrum (D:15)
  A shadow (D:9)
  24 yaks
  8 wraiths
  A wyvern (D:7)
  4 fire elementals (D:12)
  2 redbacks (D:14)
  A basilisk (D:14)
  3 steam dragons
  Grum (D:10)
  10 vampire mosquitoes
  An acid dragon (D:10)
  2 water moccasins
  3 black bears
  A sky beast (D:8)
  6 orc warriors
  6 ogres
  11 centaurs
  4 wolves (D:10)
  A phantom (D:4)
  3 kobold brigands
  3 bullfrogs
  2 gnoll sergeants
  4 scorpions
  7 wights
  7 killer bees (D:9)
  5 howler monkeys
  An electric eel (D:6)
  3 hounds
  An iron imp (D:5)
  4 gnoll boudas
  9 orc priests
  4 jellies
  Jessica (D:3)
  A sleepcap (D:7)
  An iguana (D:5)
  Natasha (thrice) (D:3)
  6 orc wizards
  12 adders
  28 gnolls
  8 river rats
  2 shadow imps
  A white imp (D:7)
  3 worms
  A dart slug (D:3)
  38 orcs
  14 endoplasms
  A giant cockroach (D:1)
  8 goblins
  13 hobgoblins
  2 jackals (D:4)
  2 quokkas
  7 ball pythons
  10 bats
  3 frilled lizards
  32 kobolds
  22 rats
435 creatures vanquished.

Vanquished Creatures (collateral kills)
  A killer bee (D:9)
  3 endoplasms (D:4)
4 creatures vanquished.

Vanquished Creatures (others)
  A wight (D:8)
  A killer bee (D:9)
2 creatures vanquished.

Grand Total: 441 creatures vanquished

Notes
Turn   | Place    | Note
-------+----------+-------------------------------------------
     0 | D:1      | pokeman the Deep Elf Hedge Wizard began the quest for the
                  | Orb.
     0 | D:1      | Reached XP level 1. HP: 10/10 MP: 7/7
   427 | D:1      | Reached XP level 2. HP: 15/15 MP: 7/9
   835 | D:1      | Reached skill level 5 in Spellcasting
  1044 | D:1      | Reached XP level 3. HP: 20/20 MP: 4/11
  1048 | D:1      | Learned a level 3 spell: Mephitic Cloud
  1051 | D:1      | Learned a level 2 spell: Call Imp
  1054 | D:1      | Learned a level 2 spell: Blink
  1626 | D:2      | Reached skill level 1 in Fighting
  1701 | D:2      | Reached skill level 1 in Armour
  1702 | D:2      | Identified the +2 robe "Nautel" {+Inv rF- rN+++ Archmagi}
  2051 | D:2      | Reached XP level 4. HP: 21/25 MP: 8/13
  2435 | D:3      | Noticed a scorpion
  2441 | D:3      | Noticed Natasha
  2443 | D:3      | Noticed Sigmund
  2451 | D:3      | Killed a scorpion
  2452 | D:3      | Reached skill level 6 in Spellcasting
  2452 | D:3      | Reached XP level 5. HP: 26/29 MP: 5/15
  2528 | D:3      | Killed Natasha
  2569 | D:3      | Noticed Jessica
  2578 | D:3      | Killed Jessica
  2599 | D:3      | Found a blossoming altar of Fedhas.
  2674 | D:3      | Found a glowing drain.
  2688 | Sewer    | Entered a sewer
  2722 | Sewer    | Reached XP level 6. HP: 34/34 MP: 8/17
  2929 | Sewer    | Reached skill level 1 in Poison Magic
  3060 | Sewer    | Reached skill level 1 in Air Magic
  3193 | Sewer    | Reached skill level 1 in Evocations
  3749 | D:3      | Noticed Natasha
  3757 | D:3      | Killed Sigmund
  3758 | D:3      | Reached XP level 7. HP: 37/38 MP: 10/19
  3761 | D:3      | Killed Natasha
  3762 | D:3      | Reached skill level 5 in Conjurations
  3910 | D:3      | Noticed Natasha
  3921 | D:3      | Killed Natasha
  3922 | D:3      | Reached skill level 7 in Spellcasting
  4628 | D:4      | Found a staircase to the Ecumenical Temple.
  4655 | Temple   | Entered the Ecumenical Temple
  4671 | Temple   | Became a worshipper of Vehumet
  4743 | D:4      | Learned a level 3 spell: Ignite Poison
  4923 | D:4      | Reached skill level 8 in Spellcasting
  5487 | D:5      | Entered Level 5 of the Dungeon
  5506 | D:4      | Reached * piety under Vehumet
  5506 | D:4      | Offered knowledge of Freeze by Vehumet.
  5511 | D:4      | Reached skill level 1 in Transmutations
  5511 | D:4      | Reached skill level 1 in Fire Magic
  5511 | D:4      | Reached XP level 8. HP: 21/44 MP: 4/22
  5978 | D:5      | Reached skill level 9 in Spellcasting
  6256 | D:5      | Found a glowing golden altar of the Shining One.
  6296 | D:5      | Found a snail-covered altar of Cheibriados.
  6745 | D:6      | Reached skill level 10 in Spellcasting
  6749 | D:6      | Reached ** piety under Vehumet
  6754 | D:6      | Offered knowledge of Momentum Strike by Vehumet.
  6758 | D:6      | Reached XP level 9. HP: 28/49 MP: 3/25
  7067 | D:6      | Found Peuptoomnuu's Antique Armour Shop.
  7074 | D:6      | Found Plog's Distillery.
  7199 | D:6      | Found Feikun's General Store.
  7225 | D:6      | Found Plog's Assorted Antiques.
  7232 | D:6      | Bought a scroll of teleportation for 39 gold pieces
  7233 | D:6      | Found Cofushrykoo's Magic Scroll Shop.
  7469 | D:6      | Bought a potion of heal wounds for 55 gold pieces
  7469 | D:6      | Bought a potion of degeneration for 11 gold pieces
  7469 | D:6      | Bought a potion of curing for 33 gold pieces
  7869 | D:7      | Reached skill level 11 in Spellcasting
  8026 | D:7      | Found Ashruimp's General Store.
  8166 | D:7      | Noticed Maggie
  8187 | D:7      | Killed Maggie
  8317 | D:7      | Learned a level 3 spell: Swiftness
  8381 | D:7      | Offered knowledge of Scorch by Vehumet.
  8858 | D:7      | Reached skill level 5 in Fire Magic
  9050 | D:8      | Reached skill level 12 in Spellcasting
  9147 | D:8      | Found a glowing silver altar of Zin.
  9204 | D:8      | Reached *** piety under Vehumet
  9216 | D:8      | Reached XP level 10. HP: 36/56 MP: 23/28
  9377 | D:8      | Found a shimmering altar of Xom.
  9402 | D:8      | Noticed Pikel
  9424 | D:8      | Killed Pikel
  9532 | D:8      | Learned a level 7 spell: Orb of Destruction
  9602 | D:8      | Identified the amulet "Celuniseff" {Acrobat rC+}
  9609 | D:8      | Reached skill level 13 in Spellcasting
 10385 | D:9      | Offered knowledge of Flame Wave by Vehumet.
 10693 | D:9      | Noticed a two-headed ogre
 10702 | D:9      | Killed a two-headed ogre
 10727 | D:9      | Reached **** piety under Vehumet
 10728 | D:9      | Reached skill level 14 in Spellcasting
 10824 | D:9      | Found a sparkling altar of Nemelex Xobeh.
 10849 | D:9      | Noticed a two-headed ogre
 10870 | D:9      | Killed a two-headed ogre
 10872 | D:9      | Reached XP level 11. HP: 60/61 MP: 17/31
 11035 | D:9      | Found a staircase to the Orcish Mines.
 11309 | D:9      | Offered knowledge of Iskenderun's Mystic Blast by Vehumet.
 11320 | D:9      | Learned a level 4 spell: Iskenderun's Mystic Blast
 11632 | D:9      | Noticed a two-headed ogre
 11639 | D:9      | Killed a two-headed ogre
 11803 | D:6      | Bought a white potion for 27 gold pieces
 11803 | D:6      | Bought a scroll labelled PECUDD JUMAA for 30 gold pieces
 11812 | D:6      | Bought a scroll of teleportation for 42 gold pieces
 11812 | D:6      | Bought a scroll of identify for 28 gold pieces
 11812 | D:6      | Bought a scroll of identify for 28 gold pieces
 11812 | D:6      | Bought a scroll of identify for 28 gold pieces
 11929 | D:10     | Entered Level 10 of the Dungeon
 12119 | D:10     | Noticed Snorg
 12138 | D:10     | Killed Snorg
 12275 | D:10     | Found a stormy altar of Qazlal.
 12286 | D:10     | Identified the +0 leather armour of Weightlessness {rF+
                  | Str+4 Dex+2}
 12461 | D:10     | Noticed Grum
 12466 | D:10     | Reached skill level 5 in Armour
 12467 | D:10     | Killed Grum
 12468 | D:10     | Reached skill level 15 in Spellcasting
 12839 | D:10     | Noticed Josephine
 12859 | D:10     | Killed Josephine
 12860 | D:10     | Reached skill level 10 in Conjurations
 12947 | D:10     | Found an ornate altar of the Wu Jian Council.
 12953 | D:10     | Found a shimmering blue altar of Sif Muna.
 12958 | D:10     | Found a sacrificial altar of Ru.
 12974 | D:10     | Noticed Fannar
 12986 | D:10     | Killed Fannar
 13558 | D:11     | Learned a level 5 spell: Freezing Cloud
 13598 | D:11     | Reached skill level 16 in Spellcasting
 13657 | D:11     | Noticed a two-headed ogre
 13673 | D:11     | Reached skill level 1 in Ice Magic
 13674 | D:11     | Reached ***** piety under Vehumet
 13674 | D:11     | Offered knowledge of Fulminant Prism by Vehumet.
 13675 | D:11     | Reached XP level 12. HP: 68/68 MP: 34/34
 13686 | D:11     | Killed a two-headed ogre
 13687 | D:11     | Reached skill level 5 in Fighting
 13952 | D:11     | Noticed a two-headed ogre
 13962 | D:11     | Killed a two-headed ogre
 14081 | D:11     | Found a staircase to the Lair.
 14098 | D:11     | Noticed Sonja
 14103 | D:11     | Killed Sonja
 14507 | D:12     | Noticed a boulder beetle
 14515 | D:12     | Noticed Erolcha
 14538 | D:12     | Killed Erolcha
 14546 | D:12     | Killed a boulder beetle
 14547 | D:12     | Reached skill level 17 in Spellcasting
 14731 | D:12     | Noticed a boulder beetle
 14750 | D:12     | Killed a boulder beetle
 15495 | D:12     | Noticed Azrael
 15506 | D:12     | Killed Azrael
 15753 | D:12     | Found Hucuh's Distillery.
 15762 | D:12     | Bought a potion of heal wounds for 65 gold pieces
 15762 | D:12     | Bought a potion of curing for 39 gold pieces
 15823 | D:12     | Identified the +3 ring mail "Madwai" {+Inv rF+ Dex-4}
 15934 | D:13     | Found an opulent altar of Gozag.
 15949 | D:13     | Noticed a catoblepas
 15953 | D:13     | Reached skill level 18 in Spellcasting
 15954 | D:13     | Reached skill level 10 in Fire Magic
 15954 | D:13     | Reached XP level 13. HP: 65/74 MP: 37/37
 16003 | D:13     | Found a flickering gateway to a bazaar.
 16014 | Bazaar   | Entered a bazaar
 16018 | Bazaar   | Found Ecig's Distillery.
 16022 | Bazaar   | Found Xued's Distillery.
 16168 | Bazaar   | Found Lugiuga's Jewellery Boutique.
 16208 | Bazaar   | Found Jostrowk's Book Shop.
 16210 | Bazaar   | Found Taffec's Antique Armour Emporium.
 16247 | Bazaar   | Bought a potion of curing for 33 gold pieces
 16247 | Bazaar   | Bought a potion of curing for 33 gold pieces
 16252 | Bazaar   | Bought a potion of heal wounds for 80 gold pieces
 16252 | Bazaar   | Bought a potion of curing for 48 gold pieces
 16252 | Bazaar   | Bought a potion of heal wounds for 80 gold pieces
 16413 | D:13     | Found Suadiriagu's General Store.
 17150 | D:14     | Found a gate to the Vaults.
 17512 | D:14     | Noticed Nessos
 17527 | D:14     | Killed Nessos
 17670 | D:14     | Reached skill level 1 in Necromancy
 17960 | D:15     | Entered Level 15 of the Dungeon
 17979 | D:15     | Learned a level 8 spell: Ignition
 18024 | D:15     | Reached skill level 19 in Spellcasting
 18533 | D:15     | Noticed Rupert
 18538 | D:15     | Killed Rupert
 18558 | D:15     | Reached XP level 14. HP: 74/80 MP: 8/39
 18693 | D:15     | Noticed a fire giant
 18696 | D:15     | Killed from afar by a fire giant

Illustrated notes

Levels and vault maps discovered:
D:1:      giann_horns, layout_basic, nicolae_grassy_gnolls
D:2:      layout_basic, chequers_serial_rivers_micro_a
D:3:      layout_loops_ring, fedhas_ov_isle_minmay, portal_sewer_entry_b,
          minmay_parallelograms, uniq_jessica, uniq_natasha, uniq_sigmund
D:4:      cheibrodos_fertilizer, layout_loops_ring, temple_pool_b,
          minmay_distorted
D:5:      layout_rooms, slow_altar_2, tso_oasis_becter
D:6:      layout_gridville, nicolae_shop_national_dungeon_mall
D:7:      layout_cave_pods, serial_shops, nicolae_diamond_shop, uniq_maggie
D:8:      layout_basic, mainiacjoe_overflow_six_doors_small,
          mainiacjoe_overflow_cross_hatched, uniq_pikel
D:9:      minmay_skewed_foursquare, layout_loops_corners,
          nemelex_diamond_rough_becter, minmay_orc_entry_temple_small
D:10:     layout_loops_ring, nicolae_qazlal_style_of_elements,
          minmay_overflow_temple_star_quad, ebering_dispersal_statue_hall,
          uniq_fannar, uniq_snorg, uniq_grum, uniq_josephine
D:11:     layout_roguey, lair_entry_dummy, uniq_sonja
D:12:     layout_basic, serial_shops, shop, uniq_erolcha, uniq_azrael
D:13:     layout_roguey, serial_shops, bzr_entry_safe, nicolae_shop_trees,
          hex_medium, nicolae_gozag_cash_rules_everything_around_me
D:14:     layout_rooms, erik_vaults_1, kennysheep_cross_room,
          grunt_decor_clamped, uniq_nessos
D:15:     grunt_enter_depths_giant_problem, layout_basic, nrook_mini_vaults,
          grunt_decor_fettered, uniq_rupert
Temple:   nicolae_temple_bog_church

Skill      XL: |  1  2  3  4  5  6  7  8  9 10 11 12 13 |
---------------+----------------------------------------+-----
Spellcasting   | 5 6 8 10 12 14 16 18 19 | 19.8
Fighting       | 1 2 4 6 |  6.1
Armour         | 1 2 3 4 5 6 |  6.8
Conjurations   | 2 3 4 5 6 7 9 10 11 12 | 12.6
Dodging        | 3 |  3.1
Poison Magic   | 1 |  1.1
Air Magic      | 1 |  1.0
Stealth        | 3 |  3.0
Evocations     | 1 |  1.2
Transmutations | 1 |  1.0
Fire Magic     | 1 3 5 7 8 10 11 | 11.3
Ice Magic      | 1 2 |  2.1
Necromancy     | 1 |  1.0
Summonings     | |  1.1
Translocations | |  1.1

Action                     |  1- 3 |  4- 6 |  7- 9 | 10-12 | 13-15 || total
---------------------------+-------+-------+-------+-------+-------++-------
  Melee: Short sword       |     6 |    17 |   141 |   203 |    30 ||   397
         Punch             |       |       |     1 |     4 |     2 ||     7
   Cast: Magic Dart        |   107 |   111 |   250 |    31 |     7 ||   506
         Mephitic Cloud    |     1 |     6 |    40 |    89 |    28 ||   164
         Call Imp          |       |     1 |     2 |     2 |     1 ||     6
         Blink             |       |       |     3 |     2 |     1 ||     6
         Ignite Poison     |       |       |    11 |    59 |    14 ||    84
         Iskenderun's Myst |       |       |       |    22 |    31 ||    53
         Orb of Destructio |       |       |       |     2 |     3 ||     5
         Freezing Cloud    |       |       |       |    10 |    23 ||    33
    Use: Scroll            |       |       |       |    18 |       ||    18
   Stab: Confused          |     1 |     1 |    12 |    24 |     3 ||    41
         Sleeping          |       |     1 |       |     1 |       ||     2
 Armour: Robe              |     5 |    24 |    90 |    88 |    51 ||   258
  Dodge: Dodged            |     9 |    30 |   118 |   193 |    55 ||   405

Table legend: (Time is in decaauts)
 A = Elapsed time spent in this place.
 B = Non-inter-level travel time spent in this place.
 C = Inter-level travel time spent in this place.
 D = Time resting spent in this place.
 E = Time spent auto-exploring this place.
 F = Levels seen in this place.
 G = Mean time per level.
                   A        B        C        D        E       F      G
               +--------+--------+--------+--------+--------+-----+--------+
         Total |  18737 |  17664 |   1073 |   1131 |  13324 |  18 | 1040.9 |
       Dungeon |  17377 |  16338 |   1039 |   1131 |  12266 |  15 | 1158.5 |
        Temple |     80 |     47 |     33 |      0 |      0 |   1 |   80.0 |
        Bazaar |    253 |    253 |      0 |      0 |    191 |   1 |  253.0 |
         Sewer |   1025 |   1025 |      0 |      0 |    867 |   1 | 1025.0 |
               +--------+--------+--------+--------+--------+-----+--------+

Top non-repeatable levels by time:
     D:6: 1491 daAuts
     D:8: 1462 daAuts
    D:12: 1444 daAuts
     D:4: 1441 daAuts
     D:9: 1439 daAuts
    D:14: 1357 daAuts
     D:1: 1328 daAuts
    D:10: 1302 daAuts
     D:7: 1207 daAuts
     D:2: 1123 daAuts
   Sewer: 1025 daAuts
    D:11: 891 daAuts
     D:5: 875 daAuts
     D:3: 766 daAuts
    D:13: 764 daAuts
